 Dungeon Crawl Stone Soup version 0.29-a0-25-g7f48f510a0 (webtiles) character file.

Game seed: 14563742657830893702

417 ddubois the Cudgeller (level 6, 0/51 HPs)
             Began as a Palentonga Abyssal Knight on Jan 31, 2022.
             Was a Believer of Lugonu.
             Slain by a phantom (2 damage)
             ... on level 2 of the Dungeon.
             The game lasted 00:11:42 (5600 turns).

ddubois the Cudgeller (Palentonga Abyssal Knight)   Turns: 5600, Time: 00:11:43

Health: 0/51       AC:  9    Str: 19    XL:     6   Next: 61%
Magic:  8/8        EV:  4    Int: 10    God:    Lugonu [**....]
Gold:   96         SH:  0    Dex: 10    Spells: 5/5 levels left

rFire   . . .      SeeInvis +   i - +1 dagger (elec)
rCold   . . .      Faith    .   (no shield)
rNeg    . . .      Spirit   .   j - +0 plate armour
rPois   .          Reflect  .   (no helmet)
rElec   .          Harm     .   (no cloak)
rCorr   .          Rampage  .   (no gloves)
Will    .....                   (no barding)
Stlth   ..........              (no amulet)
HPRegen 0.17/turn               (no ring)
MPRegen 0.11/turn               (no ring)

@: no status effects
A: large, rugged brown scales 3, see invisible, deformed body, roll 1, armoured
tail
a: Rolling Charge, Renounce Religion, Depart the Abyss, Bend Space


You were on level 2 of the Dungeon.
You worshipped Lugonu.
Lugonu was pleased with you.
You visited 1 branch of the dungeon, and saw 4 of its levels.
You visited the Abyss 1 time.

You collected 96 gold pieces.

Inventory:

Hand Weapons
 a - a +1 mace
 e - a +0 dagger of venom
 i - a +1 dagger of electrocution (weapon)
Missiles
 g - 51 arrows
 h - 46 stones
 m - 4 boomerangs of dispersal
 p - 2 poisoned darts
Armour
 b - a +0 leather armour
 c - a +0 ring mail
 j - a +0 plate armour (worn)
Magical Staves
 o - a staff of conjuration
Wands
 k - a wand of iceblast (10)
Scrolls
 d - 3 scrolls of identify {unknown}
 f - 2 scrolls of teleportation {unknown}
 l - a scroll of noise {unknown}
 n - a scroll of amnesia {unknown}


   Skills:
 + Level 4.1 Fighting
 * Level 4.4 Maces & Flails
 + Level 2.8 Armour
 + Level 2.3 Dodging
 + Level 3.4 Invocations


You had 5 spell levels left.
You didn't know any spells.
Your spell library contained the following spells:

 Spells                   Type           Power      Damage    Failure   Level
 Animate Skeleton         Necr           0%         N/A       100%        1
 Pain                     Necr           0%         1d4       100%        1
 Ignite Poison            Fire/Tmut/Pois 0%         N/A       100%        3
 Mephitic Cloud           Conj/Pois/Air  0%         N/A       100%        3
 Ozocubu's Armour         Ice            0%         N/A       100%        3
 Vampiric Draining        Necr           0%         2d6       100%        3
 Freezing Cloud           Conj/Ice/Air   0%         6-21      100%        5
 Ozocubu's Refrigeration  Ice            0%         4d5       100%        7


Dungeon Overview and Level Annotations

Branches:
Dungeon (4/15)
 Temple: D:4-7

Altars:
Sif Muna


Innate Abilities, Weirdness & Mutations

You are completely covered in rugged brown scales. (AC +3, +7% HP)
You have supernaturally acute eyesight. (SInv)
Armour fits poorly on your strangely shaped body.
You can roll at nearby foes to attack.
You have a long armoured tail.


Message History

Your tail-slap misses the phantom.
The phantom is almost destroyed.
The phantom hits you.
* * * LOW HITPOINT WARNING * * *
The phantom blinks!
You blink.
You hit the phantom but do no damage.
The phantom is almost destroyed.
The phantom hits you but does no damage.
You closely miss the phantom.
The phantom is almost destroyed.
The phantom hits you.
* * * LOW HITPOINT WARNING * * *
You hit the phantom but do no damage.
You tail-slap the phantom, but do no damage.
Your punch misses the phantom.
The phantom is almost destroyed.
The phantom hits you but does no damage.
You closely miss the phantom.
The phantom is almost destroyed.
The phantom hits you but does no damage.
You closely miss the phantom.
The phantom is almost destroyed.
The phantom hits you.
* * * LOW HITPOINT WARNING * * *
You miss the phantom.
The phantom is almost destroyed.
The phantom hits you but does no damage.
You hit the phantom but do no damage.
The phantom is almost destroyed.
The phantom hits you.
* * * LOW HITPOINT WARNING * * *
You hit the phantom.
The phantom is almost destroyed.
The phantom hits you.
* * * LOW HITPOINT WARNING * * *
The phantom blinks!
You blink.
You barely miss the phantom.
The phantom is almost destroyed.
The phantom hits you.
You die...

#.####.#.### #.# #.#.# #
#.# #.#.### #.# #.#...#
#.####.###.# #.##...#...#
###########.##.#.....#
#####>....W.ยง.............
#........@#####.#..#.#.#.#
#.........'...............
#.........#####.#..#.#...#
#.........# #.#..<.....#
#.........#####'#..#.###..
#####...##................
#####...##.......#.#.#####
#.......##.......'.#.#
#.......##.......###.#


You could see a phantom.

Vanquished Creatures
  2 gnoll shamans (D:2)
  A hound (D:3)
  3 orc priests (D:2)
  An iguana (D:3)
  10 gnolls
  4 adders
  A worm (D:2)
  2 dart slugs (D:3)
  2 orcs (D:2)
  6 endoplasms
  2 giant cockroaches
  8 goblins
  11 hobgoblins
  3 quokkas
  4 ball pythons
  8 bats
  2 frilled lizards
  2 kobolds (D:1)
  9 rats
81 creatures vanquished.

Notes
Turn   | Place    | Note
-------+----------+-------------------------------------------
     0 | Abyss:1  | ddubois the Palentonga Abyssal Knight began the quest for
                  | the Orb.
     0 | Abyss:1  | Reached XP level 1. HP: 19/19 MP: 2/2
    46 | Abyss:1  | Noticed a chaos spawn
    57 | Abyss:1  | Noticed a jelly
    61 | Abyss:1  | Noticed a centaur warrior zombie
    63 | Abyss:1  | Noticed a raiju
    64 | Abyss:1  | Noticed an ancient zyme
    65 | D:1      | Escaped the Abyss
   204 | D:1      | Reached * piety under Lugonu
   413 | D:1      | Reached XP level 2. HP: 25/25 MP: 3/3
   418 | D:1      | Reached skill level 1 in Dodging
  1171 | D:1      | Reached XP level 3. HP: 30/31 MP: 4/4
  2009 | D:2      | Reached XP level 4. HP: 31/37 MP: 5/5
  2550 | D:2      | Reached XP level 5. HP: 38/43 MP: 7/7
  2788 | D:2      | Reached ** piety under Lugonu
  2854 | D:3      | Found a faded altar of an unknown god.
  3818 | D:2      | Reached XP level 6. HP: 24/51 MP: 8/8
  5128 | D:3      | Found a shimmering blue altar of Sif Muna.
  5599 | D:2      | HP: 2/51 [phantom (1)]
  5600 | D:2      | Slain by a phantom

Illustrated notes

Levels and vault maps discovered:
D:1:      tarquinn_simple_flora_water_b, layout_loops_corners
D:2:      layout_basic, moated_statue
D:3:      layout_loops_ring, overflow_temple_1_default,
          nicolae_ecumenical_pavilion, minmay_misc_feat_pillars
D:4:      layout_rooms, mainiacjoe_overflow_alcove_4, kennysheep_generic_room_5

Skill      XL: |  1  2  3  4  5  6 |
---------------+-------------------+-----
Dodging        | 1 2 |  2.3
Armour         | 2 |  2.8
Maces & Flails | 3 4 |  4.4
Invocations    | 3 |  3.4
Fighting       | 4 |  4.1

Action                   |  1- 3 |  4- 6 || total
-------------------------+-------+-------++-------
Melee: Dagger            |    68 |   186 ||   254
       Mace              |     7 |       ||     7
       Tailslap          |     9 |    30 ||    39
       Punch             |       |     3 ||     3
Invok: Depart the Abyss  |     1 |       ||     1
       Bend Space        |       |     1 ||     1
 Abil: Rolling Charge    |    22 |    35 ||    57
  Use: Potion            |       |     1 ||     1
Armor: Ring mail         |    27 |    42 ||    69
       Leather armour    |     1 |       ||     1
       Plate armour      |       |    55 ||    55
Dodge: Dodged            |    33 |    79 ||   112

Table legend: (Time is in decaauts)
 A = Elapsed time spent in this place.
 B = Non-inter-level travel time spent in this place.
 C = Inter-level travel time spent in this place.
 D = Time resting spent in this place.
 E = Time spent auto-exploring this place.
 F = Levels seen in this place.
 G = Mean time per level.
                   A        B        C        D        E       F      G
               +--------+--------+--------+--------+--------+-----+--------+
         Total |   5615 |   5339 |    276 |    922 |   3503 |   5 | 1123.0 |
       Dungeon |   5550 |   5274 |    276 |    922 |   3503 |   4 | 1387.5 |
         Abyss |     65 |     65 |      0 |      0 |      0 |   1 |   65.0 |
               +--------+--------+--------+--------+--------+-----+--------+

Top non-repeatable levels by time:
     D:2: 2571 daAuts
     D:1: 1837 daAuts
     D:3: 1133 daAuts
 Abyss:1: 65 daAuts
     D:4: 7 daAuts
